 Dungeon Crawl Stone Soup version 0.27-a0-1612-gde56a17b89 (webtiles) character file.

Game seed: 16260950137036163594

4558 hatdisgam the Geomancer (level 10, -5/56 HPs)
             Began as a Gargoyle Earth Elementalist on July 21, 2021.
             Was a Believer of Cheibriados.
             Slain by a death yak (15 damage)
             ... on level 10 of the Dungeon.
             The game lasted 00:16:49 (11753 turns).

hatdisgam the Geomancer (GrEE)                     Turns: 11753, Time: 00:16:49

Health: -5/56      AC: 16    Str: 17    XL:     10   Next: 40%
Magic:  0/13       EV: 11    Int: 22    God:    Cheibriados [**....]
Gold:   478        SH:  0    Dex: 14    Spells: 9/13 levels left

rFire    . . .     SeeInvis .   A - +0 flail
rCold    + . .     Faith    .   (no shield)
rNeg     + . .     Spirit   .   g - +3 ring mail "Vom Pannaned" {rElec rC+}
rPois    ∞         Reflect  .   (no helmet)
rElec    +         Harm     .   (no cloak)
rCorr    .         Rampage  .   (no gloves)
Will     .....                  (no boots)
Stlth    +.........             d - amulet of magic regeneration
HPRegen  0.18/turn              z - ring of wizardry
MPRegen  0.38/turn              (no ring)

@: very slow
A: sickness immunity, AC +7, negative energy resistance 1, electricity
resistance, torment resistance 1, petrification resistance
a: Renounce Religion, Bend Time


You were on level 10 of the Dungeon.
You worshipped Cheibriados.
Cheibriados was pleased with you.
You visited 2 branches of the dungeon, and saw 11 of its levels.

You collected 478 gold pieces.

Inventory:

Hand Weapons
 a - a +0 dagger
 f - a +0 mace
 A - a +0 flail (weapon)
 C - a +0 whip of flaming
Missiles
 c - 112 stones
 h - a throwing net
Armour
 b - a +0 robe
 g - the +3 ring mail "Vom Pannaned" (worn) {rElec rC+}
   (You found it on level 6 of the Dungeon)

   rC:        It protects you from cold.
   rElec:     It insulates you from electricity.
Jewellery
 d - an amulet of magic regeneration (around neck)
 z - a ring of wizardry (left hand)
 B - a ring of the Octopus King {rC+ AC+1 EV+1 Str+1 Int+1 Dex+1}
   (You found it on level 6 of the Dungeon)

   [ring of protection from cold]

   AC:        It affects your AC (+1).
   EV:        It affects your evasion (+1).
   Str:       It affects your strength (+1).
   Int:       It affects your intelligence (+1).
   Dex:       It affects your dexterity (+1).
   rC:        It protects you from cold.
 E - a ring of fire
Wands
 r - a wand of iceblast (13)
 x - a wand of mindburst (17)
Scrolls
 i - 3 scrolls of amnesia {unknown}
 j - 2 scrolls of fog {unknown}
 k - 3 scrolls of holy word {unknown}
 n - 4 scrolls of teleportation
 q - a scroll of enchant weapon
 s - a scroll of summoning
 t - 3 scrolls of vulnerability
 y - 2 scrolls of magic mapping
Potions
 l - 2 potions of degeneration {unknown}
 o - a potion of curing {unknown}
 p - a potion of ambrosia {unknown}
 u - a potion of resistance {unknown}
 v - 2 potions of haste {unknown}
 w - 3 potions of attraction


   Skills:
 - Level 3.2 Fighting
 * Level 9.8 Maces & Flails
 - Level 4.5 Armour
 + Level 2.4 Dodging
 - Level 2.1 Stealth
 - Level 2.3 Spellcasting
 - Level 5.0 Conjurations
 - Level 0.7 Transmutations
 + Level 10.3 Earth Magic


You had 9 spell levels left.
You knew the following spells:

 Your Spells              Type           Power      Damage    Failure   Level
a - Sandblast             Erth           94%        2d19      1%          1
b - Stone Arrow           Conj/Erth      72%        3d11      1%          3

Your spell library contained the following spells:

 Spells                   Type           Power      Damage    Failure   Level
 Passwall                 Tmut/Erth      21%        N/A       1%          2
 Lee's Rapid Deconstruct  Erth           23%        3d14*     4%          5
 Pain                     Necr           8%         1d4       9%          1
 Petrify                  Tmut/Erth      26%        N/A       10%         4
 Corpse Rot               Necr/Air       N/A        N/A       14%         2
 Dispel Undead            Necr           2%         3d7       63%         4
 Agony                    Necr           2%         N/A       91%         5
 Excruciating Wounds      Necr           1%         N/A       91%         5
 Death Channel            Necr           1%         N/A       100%        6


Dungeon Overview and Level Annotations

Branches:
Dungeon (10/15)            Temple (1/1) D:6
   Lair: D:8-11         Orc: D:9-12

Altars:
Ashenzari
Cheibriados
Dithmenos
Elyvilon
Fedhas
Makhleb
Nemelex Xobeh
Qazlal
Ru
Sif Muna
Trog
Uskayaw
Vehumet
Xom
Zin
The Shining One

Annotations:
D:4 2 transporters, amgard's ghost, amateur PaFi
D:6 3 runed translucent doors, DocClef's ghost, amateur GnDe


Innate Abilities, Weirdness & Mutations

You are immune to sickness and miasma.
Your stone body is resilient. (AC +7)
You are immune to poison.
You resist negative energy. (rN+)
You are resistant to electric shocks. (rElec)
You are resistant to unholy torment.
You are immune to petrification.


Message History

Press: ? - help, Shift-Dir - straight line, f/p - death yak
Aim: a death yak (moderately wounded, 91% to hit)
The stone arrow hits the death yak!!
The death yak is severely wounded.
The howler monkey hoots and howls with incredible vigour!
The death yak gores you but does no damage.
You hear a bellow!
You hear two shouts!
You hear a bellow! x2
Casting: Stone Arrow (safe; 1% risk of failure)
Confirm with . or Enter, or press ? or * to list all spells.
Aiming: Stone Arrow (safe; 1% risk of failure)
Press: ? - help, Shift-Dir - straight line, f/p - death yak
Aim: a death yak (severely wounded, 91% to hit)
The stone arrow hits the death yak!
The death yak is almost dead.
The death yak gores you!
Unknown command.
Unknown command.
Casting: Stone Arrow (safe; 1% risk of failure)
Confirm with . or Enter, or press ? or * to list all spells.
Aiming: Stone Arrow (safe; 1% risk of failure)
Press: ? - help, Shift-Dir - straight line, f/p - death yak
Aim: a death yak (almost dead, 91% to hit)
The stone arrow hits the death yak but does no damage.
The death yak is almost dead.
The death yak gores you!
* * * LOW HITPOINT WARNING * * *
You feel much better. The death yak gores you!
You hit the death yak but do no damage.
The death yak is almost dead.
The death yak gores you!!
* * * LOW HITPOINT WARNING * * *
Casting: Stone Arrow (safe; 1% risk of failure)
Confirm with . or Enter, or press ? or * to list all spells.
Aiming: Sandblast (safe; 1% risk of failure)
Press: ? - help, Shift-Dir - straight line, f/p - death yak
Aim: a death yak (severely wounded, 94% to hit)
The blast of sand hits the death yak.
The death yak is almost dead.
The death yak gores you!
You die...

# ###.###
+@Yh..#
###......
.....
.... ...
). .


You could see a death yak and a howler monkey.

Vanquished Creatures
  A death yak (D:8)
  Pikel (D:6)
  A hornet (D:7)
  Sigmund (D:6)
  A steam dragon (D:7)
  A sky beast (D:6)
  An orc warrior (D:7)
  3 ice beasts
  3 necrophages
  A black bear (D:6)
  2 ogres
  A phantom (D:5)
  3 lemures (D:6)
  2 bullfrogs (D:6)
  2 gnoll sergeants
  6 scorpions
  8 howler monkeys
  2 bullfrog zombies
  3 centaur zombies
  3 hounds
  2 jellies (D:6)
  2 orc priests
  3 gnoll shamans
  3 iguanas
  3 orc wizards
  A hound skeleton (D:5)
  15 gnolls
  6 adders
  A white imp (D:7)
  2 ufetubi
  An adder skeleton (D:4)
  7 worms
  A dart slug (D:3)
  24 orcs
  6 endoplasms
  7 hobgoblins
  2 jackals (D:1)
  3 quokkas
  12 ball pythons
  9 bats
  7 goblins
  3 kobolds
  7 rats
  A spectral hobgoblin (D:1)
174 creatures vanquished.

Notes
Turn   | Place    | Note
-------+----------+-------------------------------------------
     0 | D:1      | hatdisgam the Gargoyle Earth Elementalist began the quest
                  | for the Orb.
     0 | D:1      | Reached XP level 1. HP: 10/10 MP: 3/3
   185 | D:1      | Reached skill level 4 in Earth Magic
   188 | D:1      | Reached XP level 2. HP: 14/15 MP: 3/5
   996 | D:1      | Found a faded altar of an unknown god.
  1301 | D:1      | Reached skill level 1 in Maces & Flails
  1301 | D:1      | Reached XP level 3. HP: 19/19 MP: 6/6
  1529 | D:2      | Learned a level 3 spell: Stone Arrow
  2241 | D:3      | Reached XP level 4. HP: 24/24 MP: 7/7
  2273 | D:3      | Reached skill level 1 in Conjurations
  2910 | D:3      | Found a white marble altar of Elyvilon.
  2924 | D:3      | Reached skill level 5 in Earth Magic
  3117 | D:3      | Reached XP level 5. HP: 11/28 MP: 5/8
  3679 | D:4      | Identified the +8 dagger "Miqem" {protect, Fly rCorr}
  3806 | D:4      | Reached XP level 6. HP: 20/32 MP: 3/9
  4014 | D:4      | Found a transporter.
  4017 | D:4      | Found a transporter.
  4025 | D:4      | Noticed amgard's ghost (amateur PaFi)
  4144 | D:4      | Reached skill level 6 in Earth Magic
  4798 | D:4      | Reached XP level 7. HP: 36/36 MP: 7/10
  5046 | D:5      | Entered Level 5 of the Dungeon
  5761 | D:5      | Reached skill level 7 in Earth Magic
  6196 | D:5      | Reached XP level 8. HP: 30/41 MP: 7/11
  6345 | D:5      | Reached skill level 5 in Conjurations
  6363 | D:5      | Reached skill level 5 in Maces & Flails
  6421 | D:5      | Reached skill level 1 in Fighting
  6993 | D:5      | Reached skill level 8 in Earth Magic
  7178 | D:6      | Noticed Sigmund
  7190 | D:6      | Killed Sigmund
  7368 | D:6      | Reached XP level 9. HP: 47/51 MP: 0/12
  7387 | D:6      | Identified the +3 ring mail "Vom Pannaned" {rElec rC+}
  7527 | D:6      | Found a staircase to the Ecumenical Temple.
  7568 | D:6      | Reached skill level 1 in Armour
  7577 | Temple   | Entered the Ecumenical Temple
  7816 | Temple   | Became a worshipper of Cheibriados the Contemplative
  8215 | D:6      | Found a runed translucent gate.
  8215 | D:6      | Found a runed translucent gate.
  8215 | D:6      | Found a runed translucent gate.
  8362 | D:6      | Found the ring of the Octopus King
  8367 | D:6      | Identified a ring of the Octopus King {rC+ AC+1 EV+1 Str+1
                  | Int+1 Dex+1}
  8471 | D:6      | Reached skill level 9 in Earth Magic
  8572 | D:6      | Noticed DocClef's ghost (amateur GnDe)
  9153 | D:6      | Noticed Pikel
  9195 | D:6      | Killed Pikel
  9195 | D:6      | Reached * piety under Cheibriados
  9682 | D:7      | Noticed a hornet
  9693 | D:7      | Killed a hornet
  9860 | D:7      | Reached XP level 10. HP: 43/56 MP: 7/13
 11013 | D:8      | Reached skill level 10 in Earth Magic
 11023 | D:7      | Reached ** piety under Cheibriados
 11324 | D:9      | Noticed a death yak
 11324 | D:9      | Noticed a death yak
 11352 | D:8      | Killed a death yak
 11733 | D:9      | Noticed a death yak
 11739 | D:10     | Entered Level 10 of the Dungeon
 11753 | D:10     | Slain by a death yak

Illustrated notes

Levels and vault maps discovered:
D:1:      dpeg_arrival_connections, layout_rooms,
          dreamdust_ecumenical_altar_drowned_temple, minivault_4
D:2:      layout_rooms
D:3:      layout_loops_ring, mainiacjoe_overflow_alcove_1
D:4:      layout_loops_corners, gammafunk_ghost_arena
D:5:      minmay_diamond_boxcup, layout_loops_ring, grunt_ministairs_1,
          kennysheep_nondescript, nicolae_sextant
D:6:      layout_basic, temple_doors_e, gammafunk_ghost_icy,
          cheibrodos_sewer_entry_bend, uniq_pikel, uniq_sigmund
D:7:      layout_basic
D:8:      layout_loops_ring
D:9:      layout_roguey, lemuel_zombie_altar_kikubaaqudgha, dpeg_lair_monsters
D:10:     layout_basic, grunt_temple_overflow_open
Temple:   regret_index_temple_generic_petals

Skill      XL: |  1  2  3  4  5  6  7  8  9 10 |
---------------+-------------------------------+-----
Earth Magic    | 4 5 6 7 8 9 10 | 10.3
Maces & Flails | 1 2 3 4 6 9 |  9.8
Conjurations   | 1 2 3 4 5 |  5.0
Fighting       | 3 |  3.2
Armour         | 4 |  4.5
Dodging        | 2 |  2.4
Stealth        | |  2.1
Spellcasting   | |  2.3
Transmutations | |  0.7

Action                   |  1- 3 |  4- 6 |  7- 9 | 10-12 || total
-------------------------+-------+-------+-------+-------++-------
Melee: Unarmed           |    11 |       |       |       ||    11
       Dagger            |     4 |       |       |       ||     4
       Mace              |    80 |   113 |   186 |       ||   379
       Flail             |       |       |    46 |    15 ||    61
       Whip              |       |       |    26 |   133 ||   159
 Cast: Sandblast         |    25 |    55 |    30 |    18 ||   128
       Stone Arrow       |       |       |    48 |    21 ||    69
  Use: Scroll            |       |       |     5 |     3 ||     8
       Potion            |       |       |       |     3 ||     3
 Stab: Sleeping          |     5 |     2 |     1 |       ||     8
Armor: Robe              |    41 |    58 |    57 |       ||   156
       Ring mail         |       |       |    97 |    62 ||   159
Dodge: Dodged            |    80 |   111 |   184 |    56 ||   431

Table legend: (Time is in decaauts)
 A = Elapsed time spent in this place.
 B = Non-inter-level travel time spent in this place.
 C = Inter-level travel time spent in this place.
 D = Time resting spent in this place.
 E = Time spent auto-exploring this place.
 F = Levels seen in this place.
 G = Mean time per level.
                   A        B        C        D        E       F      G
               +--------+--------+--------+--------+--------+-----+--------+
         Total |  12622 |  12272 |    350 |    662 |   9920 |  11 | 1147.5 |
       Dungeon |  12349 |  12045 |    304 |    662 |   9696 |  10 | 1234.9 |
        Temple |    272 |    226 |     46 |      0 |    224 |   1 |  272.0 |
               +--------+--------+--------+--------+--------+-----+--------+

Top non-repeatable levels by time:
     D:6: 2350 daAuts
     D:5: 1957 daAuts
     D:4: 1730 daAuts
     D:3: 1380 daAuts
     D:7: 1348 daAuts
     D:1: 1332 daAuts
     D:8: 1254 daAuts
     D:2: 846 daAuts
  Temple: 272 daAuts
     D:9: 137 daAuts
    D:10: 12 daAuts
